 Dungeon Crawl Stone Soup version 0.26.1-11-gd32895ea62 (webtiles) character file.

Game seed: 13908876412382374195

487 KamiKatze the Conjurer (level 6, -3/45 HPs)
             Began as a Draconian Conjurer on May 1, 2021.
             Shot with an arrow by a centaur (7 damage)
             ... on level 5 of the Dungeon.
             The game lasted 00:21:20 (5021 turns).

KamiKatze the Conjurer (Draconian Conjurer)         Turns: 5021, Time: 00:21:20

Health: -3/45      AC:  7    Str:  9    XL:     6   Next: 89%
Magic:  12/12      EV: 12    Int: 26    God:
Gold:   143        SH:  0    Dex: 10    Spells: 2/13 levels left

rFire    . . .     SeeInvis .   w - +0 dagger (venom)
rCold    . . .     Faith    .   (no shield)
rNeg     . . .     Spirit   .   (armour unavailable)
rPois    .         Reflect  .   (helmet restricted)
rElec    .         Harm     .   k - +0 cloak
rCorr    .         Rampage  .   (no gloves)
Will     .....                  (no boots)
Stlth    ++........             f - amulet of magic regeneration
HPRegen  0.15/turn              q - +6 ring of intelligence
MPRegen  0.38/turn              (no ring)

@: no status effects
A: unfitting armour, cold-blooded, AC +6
a: no special abilities


You were on level 5 of the Dungeon.
You visited 2 branches of the dungeon, and saw 6 of its levels.

You collected 143 gold pieces.

Inventory:

Hand Weapons
 a - a +0 spear
 t - a +0 trident
 w - a +0 dagger of venom (weapon)
Missiles
 e - 57 stones
 y - 11 atropa-tipped darts (quivered)
Armour
 k - a +0 cloak (worn)
Jewellery
 d - an uncursed ring of fire
 f - an amulet of magic regeneration (around neck)
 q - a +6 ring of intelligence (left hand)
 x - a cursed ring of teleportation {unknown}
Scrolls
 b - 6 scrolls of teleportation
 g - 3 scrolls of amnesia {unknown}
 i - a scroll of enchant weapon {unknown}
 o - 3 scrolls of remove curse
 r - a scroll of noise {unknown}
 s - a scroll of enchant armour {unknown}
 u - 2 scrolls of magic mapping {unknown}
 A - a scroll of fog {unknown}
Potions
 c - 2 potions of ambrosia {unknown}
 h - 3 potions of heal wounds
 j - a potion of haste {unknown}
 l - a potion of might
 m - 2 potions of degeneration {unknown}
 n - 4 potions of curing {unknown}
 p - a potion of flight {unknown}
 v - a potion of magic {unknown}
 z - 2 potions of invisibility {unknown}


   Skills:
 - Level 2.0 Dodging
 - Level 2.0 Stealth
 * Level 4.3 Spellcasting
 + Level 5.4 Conjurations
 * Level 2.7 Hexes
 * Level 2.4 Translocations


You had 2 spell levels left.
You knew the following spells:

 Your Spells              Type           Power        Failure   Level
a - Magic Dart            Conj           100%         1%          1
b - Searing Ray           Conj           66%          1%          2
c - Fulminant Prism       Conj/Hex       13%          16%         4
d - Iskenderun's Mystic   Conj/Tloc      26%          16%         4

Your spell library contained the following spells:

 Spells                   Type           Power        Failure   Level
 Dazzling Flash           Conj/Hex       52%          4%          3


Dungeon Overview and Level Annotations

Branches:
Dungeon (5/15)             Temple (1/1) D:4

Altars:
Ashenzari
Cheibriados
Elyvilon
Fedhas
Gozag
Hepliaklqana
Makhleb
Nemelex Xobeh
Okawaru
Qazlal
Ru
Sif Muna
Trog
Uskayaw
Wu Jian
Xom
Yredelemnul
Zin
The Shining One

Annotations:
D:5 Ijyb


Innate Abilities, Weirdness & Mutations

Your plain brown scales are hard. (AC +6)
You cannot fit into any form of body armour.
You are cold-blooded and may be slowed by cold attacks.


Message History

You hit the centaur but do no damage.
The centaur is poisoned.
The centaur hits you.
A jackal comes into view.
A worker ant comes into view.
The centaur wields a +0 shortbow.
The centaur shoots an arrow.
The arrow hits you!
A jackal comes into view.
Ijyb zaps a wand.
The mass of ice explodes!
The iceblast engulfs you!
* * * LOW HITPOINT WARNING * * *
The centaur shoots an arrow.
The arrow completely misses you.
You hear a bark! x2; You hear a shout! x4; You hear an angry hiss.
You hear a bark!
You see here an arrow.
The centaur shoots an arrow.
The arrow hits you.
* * * LOW HITPOINT WARNING * * *
You hear a bark!
You see here 3 arrows.
Ijyb zaps a wand.
The mass of ice explodes!
The iceblast engulfs you!
* * * LOW HITPOINT WARNING * * *
The centaur shoots an arrow.
The arrow hits you!
You die... .. #.. ... ... #.# .# ######..##.. ...##..........# .#............# B .......@####### hh.

...#.....(h###...#
#..###((..h...#
.........gc.....#
#............Z...#
.................#
.......###.........
..##... #.......#.
... .........$


You could see Ijyb, a centaur (very poisoned), 2 jackals and a leopard gecko
skeleton.

Vanquished Creatures
  A howler monkey (D:4)
  2 orc priests (D:3)
  Crazy Yiuf (D:2)
  2 orc wizards (D:3)
  2 centaur skeletons
  2 worker ants (D:4)
  6 gnolls
  An adder (D:3)
  2 oozes
  An adder skeleton (D:5)
  3 worms
  2 dart slugs
  3 leopard geckos (D:1)
  11 orcs (D:3)
  2 ball pythons
  8 bats
  3 giant cockroaches
  9 goblins
  14 hobgoblins
  7 jackals
  10 kobolds
  8 frilled lizards
  A quokka skeleton (D:4)
  9 rats
110 creatures vanquished.

Vanquished Creatures (others)
  2 plants (D:2)
2 creatures vanquished.

Grand Total: 112 creatures vanquished

Notes
Turn   | Place    | Note
-------+----------+-------------------------------------------
     0 | D:1      | KamiKatze the Draconian Conjurer began the quest for the
                  | Orb.
     0 | D:1      | Reached XP level 1. HP: 14/14 MP: 3/3
   147 | D:1      | Reached XP level 2. HP: 20/20 MP: 1/5
   150 | D:1      | Learned a level 2 spell: Searing Ray
   594 | D:1      | Reached XP level 3. HP: 26/26 MP: 2/6
  1531 | D:2      | Reached XP level 4. HP: 29/33 MP: 5/8
  1537 | D:2      | Learned a level 4 spell: Fulminant Prism
  1778 | D:2      | Reached skill level 1 in Hexes
  1919 | D:2      | Found a runed translucent door.
  1920 | D:2      | Noticed Crazy Yiuf
  1929 | D:2      | Killed Crazy Yiuf
  1930 | D:2      | Reached skill level 5 in Conjurations
  1930 | D:2      | Reached XP level 5. HP: 31/38 MP: 3/10
  2017 | D:2      | Found a shimmering blue altar of Sif Muna.
  2083 | D:2      | Learned a level 4 spell: Iskenderun's Mystic Blast
  2711 | D:3      | Reached skill level 1 in Translocations
  3089 | D:3      | Reached XP level 6. HP: 45/45 MP: 6/12
  3301 | D:3      | Found a blossoming altar of Fedhas.
  3872 | D:4      | Found a staircase to the Ecumenical Temple.
  3895 | Temple   | Entered the Ecumenical Temple
  4996 | D:5      | Entered Level 5 of the Dungeon
  5013 | D:5      | Noticed Ijyb
  5021 | D:5      | Shot with an arrow by a centaur

Illustrated notes

Levels and vault maps discovered:
D:1:      dpeg_arrival_court, layout_loops_corners, bh_walls_and_bars
D:2:      layout_loops_cross, lemuel_blue_sif_altar, minmay_misc_feat_hallway,
          serial_bayou_crossing, uniq_crazy_yiuf_cottage
D:3:      layout_loops_ring, fedhas_altar_1
D:4:      layout_loops_corners, minmay_temple_entry_purple_smoke
D:5:      layout_rooms, chequers_temple_overflow_statue_of_worship, uniq_ijyb
Temple:   eino_narrow_crystal_temple

Skill      XL: |  1  2  3  4  5  6 |
---------------+-------------------+-----
Stealth        | 2 |  2.0
Dodging        | 2 |  2.0
Spellcasting   | 3 4 |  4.3
Hexes          | 1 2 |  2.7
Conjurations   | 5 |  5.4
Translocations | 1 2 |  2.4

Action                   |  1- 3 |  4- 6 || total
-------------------------+-------+-------++-------
Melee: Club              |     3 |       ||     3
       Dagger            |    17 |    16 ||    33
       Tailslap          |     2 |    11 ||    13
       Spear             |    16 |   100 ||   116
 Cast: Magic Dart        |    45 |    38 ||    83
       Searing Ray       |     4 |    27 ||    31
  Use: Scroll            |       |     4 ||     4
 Stab: Sleeping          |     2 |     3 ||     5
       Distracted        |       |     1 ||     1
Armor: Skin              |    10 |    49 ||    59
Dodge: Dodged            |    22 |    80 ||   102
